[Event "Klatovy Open-C 2024"]
[Site "Klatovy"]
[Date "2024.06.29"]
[Round "1.1"]
[White "Macho, Miloslav"]
[Black "Kopta, Pavel"]
[Result "1/2-1/2"]
[ECO "B07"]
[WhiteElo "1845"]
[BlackElo "2193"]
[Annotator "RC"]
[PlyCount "57"]
[EventDate "2024.06.21"]
[EventType "swiss"]
[EventCountry "CZE"]
[SourceTitle "playchess.com"]
[Source "ChessBase"]
[SourceQuality "1"]
[TimeControl "40/7200:0"]

1. Nf3 g6 2. e4 Bg7 3. Bc4 d6 4. O-O Nf6 5. Nc3 O-O 6. d3 c6 7. Bb3 Nbd7 8. a3 Nc5 9. Ba2 d5 10. e5 Nfd7 11. Re1 Ne6 12. d4 Nb6 13. Rb1 Qc7 14. a4 Rd8 15. b3 a5 16. Qd2 Bd7 17. Ba3 Be8 18. Rbd1 h6 19. Bb1 Bf8 20. Ne2 Bd7 21. h4 Re8 22. h5 Bg7 23. hxg6 fxg6 24. c4 Nf8 25. c5 Nc8 26. Nh4 g5 27. Nf5 Bxf5 28. Bxf5 e6 29. Bd3 1/2-1/2

[Event "Klatovy Open-C 2024"]
[Site "Klatovy"]
[Date "2024.06.29"]
[Round "1.2"]
[White "Korsa, Jindrich"]
[Black "Berka, Lubos"]
[Result "1/2-1/2"]
[ECO "B17"]
[WhiteElo "2036"]
[BlackElo "1835"]
[Annotator "RC"]
[PlyCount "101"]
[EventDate "2024.06.21"]
[EventType "swiss"]
[EventCountry "CZE"]
[SourceTitle "playchess.com"]
[Source "ChessBase"]
[SourceQuality "1"]
[TimeControl "40/7200:0"]

1. e4 c6 2. Nc3 d5 3. Nf3 dxe4 4. Nxe4 Nf6 5. Ng3 Nbd7 6. d4 Nb6 7. Be2 Bg4 8. O-O e6 9. b3 Qc7 10. Ne5 Bxe2 11. Qxe2 Bd6 12. c4 c5 13. Bb2 O-O 14. Ng4 Nxg4 15. Qxg4 cxd4 16. Qxd4 f6 17. Qe3 Rae8 18. Rad1 Bxg3 19. hxg3 e5 20. Ba3 Rf7 21. Bd6 Qc6 22. Bc5 Nc8 23. Rd2 b6 24. Bb4 Rd7 25. c5 Red8 26. Rxd7 Qxd7 27. Rc1 bxc5 28. Qxc5 Nb6 29. Qe7 Qxe7 30. Bxe7 Rd7 31. Bb4 Kf7 32. Kf1 e4 33. Ke2 f5 34. a4 Nd5 35. Be1 Rb7 36. Rb1 Rc7 37. a5 Rc2+ 38. Kd1 Ra2 39. Bd2 g5 40. b4 f4 41. gxf4 gxf4 42. b5 e3 43. fxe3 fxe3 44. Be1 e2+ 45. Kc1 Ne3 46. Rb3 Nxg2 47. b6 axb6 48. axb6 Ra8 49. b7 Rb8 50. Kd2 Nxe1 51. Kxe1 1/2-1/2

[Event "Klatovy Open-C 2024"]
[Site "Klatovy"]
[Date "2024.06.29"]
[Round "1.3"]
[White "Vavrinek, Tomas"]
[Black "Zahorbensky, Jaroslav"]
[Result "0-1"]
[ECO "D03"]
[WhiteElo "1827"]
[BlackElo "2032"]
[Annotator "RC"]
[PlyCount "78"]
[EventDate "2024.06.21"]
[EventType "swiss"]
[EventCountry "CZE"]
[SourceTitle "playchess.com"]
[Source "ChessBase"]
[SourceQuality "1"]
[TimeControl "40/7200:0"]

1. d4 d5 2. Nf3 Nf6 3. Bg5 Ne4 4. Bh4 c6 5. c3 Qb6 6. Qb3 Bf5 7. Nbd2 Nd7 8. e3 e6 9. Qxb6 axb6 10. Nxe4 Bxe4 11. Be2 b5 12. O-O b4 13. cxb4 Bxb4 14. a3 Bd6 15. Nd2 Bg6 16. b4 O-O 17. Rfc1 Rfc8 18. Bg3 Bxg3 19. hxg3 Kf8 20. Nb3 Ke7 21. Nc5 b6 22. Nxd7 Kxd7 23. b5 c5 24. dxc5 Rxc5 25. Rxc5 bxc5 26. a4 Ra5 27. Bd1 Bd3 28. Rc1 c4 29. f4 f6 30. Kf2 Kd6 31. Ke1 e5 32. g4 d4 33. Kd2 Kc5 34. g3 Be4 35. exd4+ exd4 36. Ra1 c3+ 37. Kc1 d3 38. Bb3 Kd4 39. Kd1 Ke3 0-1

[Event "Klatovy Open-C 2024"]
[Site "Klatovy"]
[Date "2024.06.29"]
[Round "1.4"]
[White "Chalus, Karel"]
[Black "Truksa, Vaclav"]
[Result "1-0"]
[ECO "B24"]
[WhiteElo "1982"]
[BlackElo "1818"]
[Annotator "RC"]
[PlyCount "147"]
[EventDate "2024.06.21"]
[EventType "swiss"]
[EventCountry "CZE"]
[SourceTitle "playchess.com"]
[Source "ChessBase"]
[SourceQuality "1"]
[TimeControl "40/7200:0"]

1. e4 c5 2. Nc3 e6 3. g3 Nc6 4. Bg2 Nf6 5. f4 d6 6. Nf3 Be7 7. O-O O-O 8. d3 Qc7 9. h3 a6 10. a4 Rb8 11. Ne2 b5 12. axb5 axb5 13. g4 Bb7 14. Be3 Ra8 15. Qd2 Rxa1 16. Rxa1 Ra8 17. Rxa8+ Bxa8 18. Ng3 Qa5 19. c3 b4 20. c4 Bb7 21. e5 Ne8 22. exd6 Nxd6 23. Qf2 Ne8 24. Ne4 Nd4 25. Nxd4 cxd4 26. Bxd4 Bxe4 27. Bxe4 b3 28. Bc3 Qc7 29. Qf1 Bd6 30. Bd2 Bc5+ 31. Kh1 Bd4 32. Qa1 Qb8 33. Qc1 Nf6 34. Bg2 Qb6 35. Bc3 Nd7 36. Qe1 g6 37. f5 e5 38. fxg6 hxg6 39. Bd5 Nf6 40. c5 Qb8 41. Bxd4 exd4 42. Bf3 Qf4 43. Kg2 Kg7 44. c6 Qd6 45. Qa5 Ne8 46. Qb5 Qf4 47. Qxb3 Qd2+ 48. Kg3 Qe1+ 49. Kg2 Qd2+ 50. Kf1 Qc1+ 51. Qd1 Qxb2 52. Qe2 Qc1+ 53. Kg2 Qe3 54. Qxe3 dxe3 55. Kg3 g5 56. Be4 Kf6 57. Kf3 Ke6 58. Kxe3 Kd6 59. d4 f6 60. Kd3 Nc7 61. Bg2 Ne8 62. Kc4 Nc7 63. d5 Ne8 64. Kb5 Nc7+ 65. Kb6 Ne8 66. Kb7 Nc7 67. Kc8 Nb5 68. Kd8 Nc7 69. Bf3 Nb5 70. Be2 Nc7 71. Bc4 Na8 72. Ke8 Nc7+ 73. Kf7 Ke5 74. Ke7 1-0

[Event "Klatovy Open-C 2024"]
[Site "Klatovy"]
[Date "2024.06.29"]
[Round "1.5"]
[White "Novotny, Jaromir"]
[Black "Mlynek, Petr"]
[Result "0-1"]
[ECO "A01"]
[WhiteElo "1788"]
[BlackElo "1969"]
[Annotator "NA RC"]
[PlyCount "78"]
[EventDate "2024.06.21"]
[EventType "swiss"]
[EventCountry "CZE"]
[SourceTitle "playchess.com"]
[Source "ChessBase"]
[SourceQuality "1"]
[TimeControl "40/7200:0"]

1. b3 d5 2. Bb2 Bf5 3. e3 e6 4. Ne2 Nf6 5. Ng3 Bg6 6. Be2 Bd6 7. c4 Nbd7 8. Nc3 c6 9. f4 d4 10. Nb1 c5 11. O-O Qc7 12. Na3 a6 13. Qe1 h5 14. Bf3 d3 15. Nh1 e5 16. g3 O-O-O 17. Bd5 Nxd5 18. cxd5 Be4 19. Nc4 Bxd5 20. Nxd6+ Qxd6 21. e4 Bc6 22. Qe3 exf4 23. Rxf4 f6 24. Nf2 Rhe8 25. Rc1 b6 26. b4 cxb4 27. Nxd3 Kb7 28. Nf2 Nc5 29. d4 Na4 30. Ba1 Nc3 31. Bxc3 bxc3 32. Qxc3 g5 33. Qxc6+ Qxc6 34. Rxc6 gxf4 35. Rxf6 fxg3 36. hxg3 Rxd4 37. Rh6 Rg8 38. Kg2 Rd2 39. a4 Rf8 0-1

[Event "Klatovy Open-C 2024"]
[Site "Klatovy"]
[Date "2024.06.29"]
[Round "1.6"]
[White "Danko, Jiri"]
[Black "Svec, Ludek"]
[Result "1/2-1/2"]
[ECO "B40"]
[WhiteElo "1954"]
[BlackElo "1764"]
[Annotator "RC"]
[PlyCount "71"]
[EventDate "2024.06.21"]
[EventType "swiss"]
[EventCountry "CZE"]
[SourceTitle "playchess.com"]
[Source "ChessBase"]
[SourceQuality "1"]
[TimeControl "40/7200:0"]

1. e4 c5 2. Nf3 e6 3. d4 cxd4 4. Nxd4 Nf6 5. Bd3 Nc6 6. Nxc6 bxc6 7. O-O d5 8. e5 Nd7 9. Re1 Nc5 10. Bf1 Ba6 11. Nc3 Bxf1 12. Kxf1 g6 13. Be3 Nd7 14. f4 Bg7 15. Ne2 O-O 16. c3 c5 17. Kg1 a5 18. b3 Qe7 19. Qc2 f6 20. exf6 Nxf6 21. Rad1 Ne4 22. c4 Qb7 23. Bc1 d4 24. Nxd4 Bxd4+ 25. Rxd4 cxd4 26. Rxe4 Qb6 27. Qd3 Rad8 28. Bb2 Rf7 29. g3 Rfd7 30. Re5 Kf7 31. Kg2 a4 32. Rb5 Qc6+ 33. Kh3 axb3 34. axb3 Qa6 35. Qe4 Qa8 36. Qe5 1/2-1/2

[Event "Klatovy Open-C 2024"]
[Site "Klatovy"]
[Date "2024.06.29"]
[Round "1.7"]
[White "Navratilova, Alena"]
[Black "Ondrejat, Miroslav"]
[Result "1/2-1/2"]
[ECO "A37"]
[WhiteElo "1729"]
[BlackElo "1940"]
[Annotator "NA RC"]
[PlyCount "49"]
[EventDate "2024.06.21"]
[EventType "swiss"]
[EventCountry "CZE"]
[SourceTitle "playchess.com"]
[Source "ChessBase"]
[SourceQuality "1"]
[TimeControl "40/7200:0"]

1. Nf3 c5 2. c4 g6 3. g3 Bg7 4. Bg2 Nc6 5. O-O e5 6. e4 d6 7. d3 Nge7 8. Nc3 O-O 9. Be3 Nd4 10. Qd2 a6 11. Bh6 Rb8 12. Nxd4 cxd4 13. Nd5 b5 14. Nxe7+ Qxe7 15. Bxg7 Kxg7 16. b3 bxc4 17. bxc4 f5 18. f3 f4 19. g4 Qc7 20. Rab1 Bd7 21. Rfc1 Qc5 22. Bf1 a5 23. Be2 Rb4 24. Rxb4 axb4 25. Bd1 1/2-1/2

[Event "Klatovy Open-C 2024"]
[Site "Klatovy"]
[Date "2024.06.29"]
[Round "1.8"]
[White "Navratil, Jiri"]
[Black "Rychtecky, Pavel"]
[Result "1/2-1/2"]
[ECO "A46"]
[WhiteElo "2058"]
[BlackElo "1719"]
[Annotator "NA RC"]
[PlyCount "54"]
[EventDate "2024.06.21"]
[EventType "swiss"]
[EventCountry "CZE"]
[SourceTitle "playchess.com"]
[Source "ChessBase"]
[SourceQuality "1"]
[TimeControl "40/7200:0"]

1. d4 Nf6 2. Nf3 e6 3. Bf4 c5 4. c3 Be7 5. e3 O-O 6. Nbd2 {[%emt 0:00:00] A46: 1 d4 Nf6 2 Nf3 e6: Torre, London and Colle Systems.} Nh5 7. Bg3 d6 8. Bd3 g6 9. Qc2 Nc6 10. Rd1 cxd4 11. exd4 Bd7 12. O-O Rc8 13. Qb1 a6 14. Rfe1 Nxg3 15. hxg3 Bf6 16. Ne4 Be7 17. Ned2 Kg7 18. Nc4 Na5 19. Ne3 Bc6 20. b4 Bxf3 21. gxf3 Nc6 22. f4 Bf6 23. d5 $11 Ne7 24. c4 exd5 25. Nxd5 Nxd5 26. cxd5 Qb6 27. Re2 Kg8 1/2-1/2

[Event "Klatovy Open-C 2024"]
[Site "Klatovy"]
[Date "2024.06.29"]
[Round "1.9"]
[White "Hanzlik, Jiri"]
[Black "Novotny, Jaroslav"]
[Result "0-1"]
[ECO "B50"]
[WhiteElo "1712"]
[BlackElo "2172"]
[Annotator "RC"]
[PlyCount "72"]
[EventDate "2024.06.21"]
[EventType "swiss"]
[EventCountry "CZE"]
[SourceTitle "playchess.com"]
[Source "ChessBase"]
[SourceQuality "1"]
[TimeControl "40/7200:0"]

1. e4 c5 2. Nf3 d6 3. Nc3 Nf6 4. Bb5+ Nbd7 5. e5 dxe5 6. Nxe5 a6 7. Nxd7 Bxd7 8. Bxd7+ Qxd7 9. Qf3 e6 10. d3 Be7 11. Bd2 O-O 12. O-O b5 13. Rad1 Rad8 14. Ne4 Qd5 15. Nxf6+ Bxf6 16. Qxd5 Rxd5 17. b3 Rfd8 18. Be3 c4 19. d4 Bxd4 20. Rxd4 Rxd4 21. Bxd4 Rxd4 22. b4 Rd2 23. Rc1 Kf8 24. Kf1 c3 25. Ke1 Ke7 26. Kf1 f6 27. Ke1 e5 28. h3 h5 29. Kf1 g5 30. g3 Ke6 31. Ke1 Kf5 32. Kf1 h4 33. Kg2 e4 34. Kf1 g4 35. gxh4 gxh3 36. h5 Kg5 0-1

[Event "Klatovy Open-C 2024"]
[Site "Klatovy"]
[Date "2024.06.29"]
[Round "1.10"]
[White "Hlavac, Rudolf"]
[Black "Rezny, Frantisek"]
[Result "1-0"]
[ECO "C44"]
[WhiteElo "1927"]
[BlackElo "1687"]
[Annotator "NA RC"]
[PlyCount "75"]
[EventDate "2024.06.21"]
[EventType "swiss"]
[EventCountry "CZE"]
[SourceTitle "playchess.com"]
[Source "ChessBase"]
[SourceQuality "1"]
[TimeControl "40/7200:0"]

1. e4 e5 2. Nf3 Nc6 3. c3 d6 4. d4 exd4 5. cxd4 Be7 6. Nc3 Nf6 7. h3 O-O 8. Bd3 a6 9. a4 Re8 10. O-O h6 11. Bf4 Bd7 12. Rc1 Rc8 13. Re1 Nh7 14. d5 Nb4 15. e5 Nxd3 16. Qxd3 dxe5 17. Nxe5 Bg5 18. Bxg5 Nxg5 19. h4 Nh7 20. d6 cxd6 21. Nxf7 Rxe1+ 22. Rxe1 Qxh4 23. Nxd6 Rf8 24. Qd5+ Kh8 25. Nf7+ Rxf7 26. Qxf7 Nf6 27. Nd5 Bc6 28. Nxf6 Qxf6 29. Qxf6 gxf6 30. Re7 Kg8 31. a5 h5 32. g3 Bd5 33. f4 Bc6 34. Kf2 Bd5 35. Ke3 Bc6 36. b4 Bd5 37. Kd4 Bc6 38. Kc5 1-0

[Event "Klatovy Open-C 2024"]
[Site "Klatovy"]
[Date "2024.06.30"]
[Round "2.1"]
[White "Zahorbensky, Jaroslav"]
[Black "Zidu, Jan"]
[Result "1-0"]
[ECO "B51"]
[WhiteElo "2032"]
[BlackElo "1905"]
[Annotator "RC"]
[PlyCount "56"]
[EventDate "2024.06.21"]
[EventType "swiss"]
[EventCountry "CZE"]
[SourceTitle "playchess.com"]
[Source "ChessBase"]
[SourceQuality "1"]
[TimeControl "40/7200:0"]

1. e4 c5 2. Nf3 d6 3. Bb5+ Nd7 4. d4 cxd4 5. Qxd4 a6 6. Bxd7+ Bxd7 7. Nc3 Nf6 8. Bg5 e6 9. O-O-O Bc6 10. Rhe1 Be7 11. Qd2 Qa5 12. Kb1 O-O 13. Nd5 Bd8 14. Nxf6+ gxf6 15. Bh6 Qxd2 16. Nxd2 Re8 17. Nc4 Bc7 18. Bf4 d5 19. Bxc7 dxc4 20. Bb6 e5 21. Kc1 Re6 22. Ba5 b5 23. Re3 Kh8 24. Rde1 Rg8 25. g3 Rb8 26. a3 Rd6 27. Bc7 Re6 28. Ba5 Rb7 1-0

[Event "Klatovy Open-C 2024"]
[Site "Klatovy"]
[Date "2024.06.30"]
[Round "2.2"]
[White "Fiser, Jiri"]
[Black "Chalus, Karel"]
[Result "0-1"]
[ECO "B37"]
[WhiteElo "2134"]
[BlackElo "1982"]
[Annotator "RC"]
[PlyCount "68"]
[EventDate "2024.06.21"]
[EventType "swiss"]
[EventCountry "CZE"]
[SourceTitle "playchess.com"]
[Source "ChessBase"]
[SourceQuality "1"]
[TimeControl "40/7200:0"]

1. e4 c5 2. Nf3 Nc6 3. d4 cxd4 4. Nxd4 g6 5. c4 Bg7 6. Nc2 Nf6 7. Nc3 O-O 8. Be2 d6 9. O-O a5 10. Rb1 Nd7 11. Be3 Nc5 12. f3 Be6 13. Qd2 Re8 14. Nd5 f5 15. Nd4 Bxd5 16. exd5 Nxd4 17. Bxd4 Bxd4+ 18. Qxd4 e5 19. dxe6 Rxe6 20. Rfe1 Qe7 21. Kf2 Re8 22. Qd2 f4 23. g3 Qg5 24. Rbd1 fxg3+ 25. hxg3 Qf6 26. Kg2 Qe7 27. Kf2 Qf6 28. Kg2 h5 29. b3 Qe7 30. Kf2 h4 31. gxh4 Qxh4+ 32. Kg2 Re5 33. f4 Re3 34. Qd5+ Ne6 0-1

[Event "Klatovy Open-C 2024"]
[Site "Klatovy"]
[Date "2024.06.30"]
[Round "2.3"]
[White "Mlynek, Petr"]
[Black "Zednik, Zdenek"]
[Result "1/2-1/2"]
[ECO "E11"]
[WhiteElo "1969"]
[BlackElo "1882"]
[Annotator "RC"]
[PlyCount "54"]
[EventDate "2024.06.21"]
[EventType "swiss"]
[EventCountry "CZE"]
[SourceTitle "playchess.com"]
[Source "ChessBase"]
[SourceQuality "1"]
[TimeControl "40/7200:0"]

1. d4 Nf6 2. c4 e6 3. g3 Bb4+ 4. Bd2 Qe7 5. a3 Bxd2+ 6. Nxd2 d6 7. Ngf3 O-O 8. Bg2 e5 9. O-O e4 10. Ng5 e3 11. Nde4 exf2+ 12. Nxf2 Qe3 13. Nge4 Nxe4 14. Bxe4 Nc6 15. Bxc6 bxc6 16. Qd3 Re8 17. Rae1 Rb8 18. Qxe3 Rxe3 19. Nd1 Reb3 20. Rf3 Be6 21. c5 dxc5 22. dxc5 Rd8 23. Rxb3 Bxb3 24. Nc3 Rd2 25. Rb1 Bc2 26. Rc1 Bb3 27. Rb1 Bc2 1/2-1/2

[Event "Klatovy Open-C 2024"]
[Site "Klatovy"]
[Date "2024.06.30"]
[Round "2.4"]
[White "Novotny, Jaroslav"]
[Black "Pokora, Lubomir"]
[Result "1/2-1/2"]
[ECO "C41"]
[WhiteElo "2172"]
[BlackElo "1857"]
[Annotator "RC"]
[PlyCount "28"]
[EventDate "2024.06.21"]
[EventType "swiss"]
[EventCountry "CZE"]
[SourceTitle "playchess.com"]
[Source "ChessBase"]
[SourceQuality "1"]
[TimeControl "40/7200:0"]

1. e4 d6 2. d4 Nf6 3. Nc3 Nbd7 4. Nf3 e5 5. Bc4 Be7 6. O-O O-O 7. h3 c6 8. a4 a5 9. dxe5 dxe5 10. Qe2 Qc7 11. Bg5 Nc5 12. b3 Ne6 13. Bxe6 Bxe6 14. Rfd1 Rad8 1/2-1/2

[Event "Klatovy Open-C 2024"]
[Site "Klatovy"]
[Date "2024.06.30"]
[Round "2.5"]
[White "Vachal, Josef"]
[Black "Hlavac, Rudolf"]
[Result "0-1"]
[ECO "D76"]
[WhiteElo "2099"]
[BlackElo "1927"]
[Annotator "RC"]
[PlyCount "236"]
[EventDate "2024.06.21"]
[EventType "swiss"]
[EventCountry "CZE"]
[SourceTitle "playchess.com"]
[Source "ChessBase"]
[SourceQuality "1"]
[TimeControl "40/7200:0"]

1. d4 Nf6 2. Nf3 g6 3. c4 Bg7 4. g3 O-O 5. Bg2 d5 6. cxd5 Nxd5 7. O-O Nb6 8. Nc3 Nc6 9. e3 Re8 10. Re1 e5 11. d5 Na5 12. e4 c6 13. dxc6 Nxc6 14. b3 Bg4 15. Qxd8 Raxd8 16. h3 Bxf3 17. Bxf3 Nb4 18. Bd1 Rd3 19. Nb5 a6 20. Na3 Rc8 21. Be3 Rc6 22. Be2 Rd8 23. Rac1 Rdc8 24. Rxc6 Rxc6 25. Rd1 Bf6 26. Rd2 Kf8 27. Kg2 Ke8 28. Nb1 Nd7 29. Na3 b5 30. Nxb5 axb5 31. Bxb5 Rc7 32. a3 Nc6 33. Bb6 Nxb6 34. Rd6 Ke7 35. Rxc6 Rxc6 36. Bxc6 Bg5 37. Kf3 Bc1 38. a4 Bd2 39. Ke2 Bb4 40. f4 f6 41. Kf3 Nd7 42. h4 h6 43. Bb5 Nc5 44. Bc4 Ne6 45. Ke3 Nc5 46. Bd5 g5 47. hxg5 hxg5 48. fxg5 fxg5 49. Kf3 Nd7 50. Bc4 Kd6 51. Kg4 Bd2 52. Kf5 Nc5 53. Bd5 Nd3 54. Bc4 Nf2 55. Bd5 Nd1 56. Kf6 Ne3 57. Bg8 Ng4+ 58. Kg6 Kc5 59. Bc4 Kd4 60. Bd5 Ne3 61. Bb7 Nf1 62. g4 Ng3 63. a5 Bxa5 64. Kxg5 Nxe4+ 65. Kh5 Bd2 66. Bc8 Nd6 67. Be6 e4 68. g5 Ke5 69. Bg4 Kf4 70. g6 Bc3 71. Be2 Nf5 72. Ba6 e3 73. Bd3 Bg7 74. b4 e2 75. Bxe2 Ng3+ 76. Kh4 Nxe2 77. b5 Nd4 78. b6 Kf5 79. Kg3 Be5+ 80. Kf2 Kxg6 81. Ke3 Kf5 82. Kd3 Ke6 83. Kc4 Nc6 84. Kc5 Kd7 85. Kd5 Bg3 86. Kc5 Bf2+ 87. Kb5 Nb8 88. Kc4 Bxb6 89. Kd5 Nc6 90. Ke4 Ke6 91. Kf4 Ne5 92. Ke4 Ng6 93. Kf3 Kf5 94. Kg3 Ne5 95. Kh4 Bf2+ 96. Kh3 Kf4 97. Kg2 Bc5 98. Kh3 Ng4 99. Kg2 Nf6 100. Kh3 Ne4 101. Kg2 Ng3 102. Kh3 Kf3 103. Kh2 Bd4 104. Kh3 Bg1 105. Kh4 Ne4 106. Kh3 Ng5+ 107. Kh4 Kf4 108. Kh5 Kf5 109. Kh4 Bf2+ 110. Kh5 Ne6 111. Kh6 Bg3 112. Kh5 Ng7+ 113. Kh6 Kf6 114. Kh7 Kf7 115. Kh8 Bf4 116. Kh7 Ne6 117. Kh8 Be3 118. Kh7 Nf8+ 0-1

[Event "Klatovy Open-C 2024"]
[Site "Klatovy"]
[Date "2024.06.30"]
[Round "2.7"]
[White "Havelka, Petr"]
[Black "Korsa, Jindrich"]
[Result "1/2-1/2"]
[ECO "D55"]
[WhiteElo "1851"]
[BlackElo "2036"]
[Annotator "RC"]
[PlyCount "115"]
[EventDate "2024.06.21"]
[EventType "swiss"]
[EventCountry "CZE"]
[SourceTitle "playchess.com"]
[Source "ChessBase"]
[SourceQuality "1"]
[TimeControl "40/7200:0"]

1. d4 Nf6 2. c4 e6 3. Nc3 d5 4. Bg5 Be7 5. e3 O-O 6. Nf3 b6 7. Be2 Bb7 8. O-O Nbd7 9. Rc1 h6 10. Bh4 Ne4 11. Bxe7 Qxe7 12. Nd2 c5 13. Ndxe4 dxe4 14. d5 exd5 15. Nxd5 Bxd5 16. Qxd5 Nf6 17. Qc6 Rad8 18. Rfd1 Rd7 19. Rxd7 Qxd7 20. Qxd7 Nxd7 21. Rd1 Nf6 22. Kf1 Rc8 23. h3 Kf8 24. Rd2 Ke7 25. Ke1 Rc6 26. Bd1 Rd6 27. Bc2 h5 28. g3 Ke6 29. Rxd6+ Kxd6 30. Bd1 g5 31. g4 h4 32. Bc2 Ke5 33. Ke2 Ne8 34. f3 exf3+ 35. Kxf3 Nd6 36. Bd3 Ke6 37. b3 f6 38. a4 Ke5 39. Bc2 Nb7 40. Bd3 Na5 41. Bc2 Nc6 42. Bf5 Na5 43. Bc2 a6 44. Ke2 Nb7 45. Kf3 Nd6 46. Bd3 Ke6 47. Bc2 Kd7 48. Bd3 Kc6 49. Be4+ Kd7 50. Bd3 Ke6 51. Bc2 Nf7 52. Bf5+ Kd6 53. Bc2 Ke5 54. Bg6 Nd6 55. Bd3 Ke6 56. Ke2 Ke5 57. Kf3 b5 58. Bc2 1/2-1/2

[Event "Klatovy Open-C 2024"]
[Site "Klatovy"]
[Date "2024.06.30"]
[Round "2.8"]
[White "Kopta, Pavel"]
[Black "Navratilova, Alena"]
[Result "1-0"]
[ECO "D82"]
[WhiteElo "2193"]
[BlackElo "1729"]
[Annotator "RC"]
[PlyCount "45"]
[EventDate "2024.06.21"]
[EventType "swiss"]
[EventCountry "CZE"]
[SourceTitle "playchess.com"]
[Source "ChessBase"]
[SourceQuality "1"]
[TimeControl "40/7200:0"]

1. d4 Nf6 2. c4 g6 3. Nc3 d5 4. Bf4 c6 5. e3 Bg7 6. Rc1 Bf5 7. Qb3 Bc8 8. Nf3 O-O 9. Be2 e6 10. O-O Nbd7 11. Nd2 Qb6 12. Qc2 Re8 13. Rfd1 a6 14. Bf3 Qd8 15. e4 dxe4 16. Ndxe4 Nxe4 17. Nxe4 h6 18. Nd6 Rf8 19. Bg3 Nf6 20. Qb3 Qd7 21. c5 Ne8 22. Nc4 Ra7 23. Nb6 1-0

[Event "Klatovy Open-C 2024"]
[Site "Klatovy"]
[Date "2024.06.30"]
[Round "2.9"]
[White "Berka, Lubos"]
[Black "Danko, Jiri"]
[Result "1-0"]
[ECO "C27"]
[WhiteElo "1835"]
[BlackElo "1954"]
[Annotator "RC"]
[PlyCount "51"]
[EventDate "2024.06.21"]
[EventType "swiss"]
[EventCountry "CZE"]
[SourceTitle "playchess.com"]
[Source "ChessBase"]
[SourceQuality "1"]
[TimeControl "40/7200:0"]

1. e4 e5 2. Nc3 Nf6 3. Bc4 c6 4. d3 d5 5. exd5 cxd5 6. Bb5+ Bd7 7. Bxd7+ Nbxd7 8. Bd2 Rc8 9. Nf3 Bd6 10. O-O h6 11. Nh4 g6 12. f4 Bc5+ 13. Kh1 exf4 14. Re1+ Kf8 15. Qf3 Nh5 16. g3 Nb6 17. Ne2 Bd6 18. Nd4 Qg5 19. Ne6+ fxe6 20. Rxe6 Nf6 21. Rxd6 Kf7 22. Bxf4 Qh5 23. Qxh5 gxh5 24. Be5 Rc6 25. Bxf6 Rxd6 26. Bxh8 1-0

[Event "Klatovy Open-C 2024"]
[Site "Klatovy"]
[Date "2024.06.30"]
[Round "2.10"]
[White "Ondrejat, Miroslav"]
[Black "Novy, Jaroslav"]
[Result "1/2-1/2"]
[ECO "A23"]
[WhiteElo "1940"]
[BlackElo "1654"]
[Annotator "RC"]
[PlyCount "31"]
[EventDate "2024.06.21"]
[EventType "swiss"]
[EventCountry "CZE"]
[SourceTitle "playchess.com"]
[Source "ChessBase"]
[SourceQuality "1"]
[TimeControl "40/7200:0"]

1. c4 e5 2. Nc3 Nf6 3. g3 c6 4. Nf3 e4 5. Nd4 d5 6. cxd5 cxd5 7. e3 Bc5 8. Nb3 Bb4 9. d4 O-O 10. Bd2 Nc6 11. h3 a5 12. a3 Bxc3 13. Bxc3 b6 14. Bb5 Bd7 15. Qe2 Na7 16. Bxd7 1/2-1/2

[Event "Klatovy Open-C 2024"]
[Site "Klatovy"]
[Date "2024.07.01"]
[Round "3.1"]
[White "Hlavac, Rudolf"]
[Black "Zahorbensky, Jaroslav"]
[Result "1/2-1/2"]
[ECO "B06"]
[WhiteElo "1927"]
[BlackElo "2032"]
[Annotator "TA"]
[PlyCount "100"]
[EventDate "2024.06.21"]
[EventType "swiss"]
[EventCountry "CZE"]
[SourceTitle "playchess.com"]
[Source "ChessBase"]
[SourceQuality "1"]
[TimeControl "40/7200:0"]

1. e4 g6 2. d4 Nf6 3. Nc3 d5 4. Bd3 c6 5. e5 Nh5 6. h3 Ng7 7. Nf3 Bf5 8. O-O {[%emt 0:00:48] White is slightly better.} Bxd3 9. Qxd3 e6 10. Nd1 {[%emt 0:04:47] White is more active.} Be7 11. Ne3 Nd7 12. Bd2 a5 13. a4 Qb6 14. b3 Qa6 15. Qc3 O-O 16. Qb2 f5 17. exf6 Nxf6 18. Ng4 Ne4 (18... Nxg4 $11 {remains equal.} 19. hxg4 Rxf3 20. gxf3 Qe2) 19. Bh6 $16 Rf5 (19... Rxf3 $142 20. gxf3 Ng5) 20. Bxg7 ({White should play} 20. Rae1 $16) 20... Kxg7 $11 21. Qc1 Rh5 22. Qe3 Bb4 {[%emt 0:05:18] Against Nd2} 23. Rad1 Re8 24. Nfe5 c5 {[%emt 0:14:19] [#]} ({Black should try} 24... Bd6) 25. Nd3 {[%emt 0:04:15] A dynamic duo of knights.} (25. Nd7 $142 $1) 25... Qb6 $16 26. dxc5 Bxc5 27. Nxc5 Qxc5 {[%emt 0:00:00] [#]} 28. Qxc5 (28. Rd4 $1 $16) 28... Nxc5 $11 29. Rfe1 Rf5 30. f3 h5 31. Ne5 Kf6 32. Nd3 Rc8 33. Nxc5 Rxc5 {[%emt 0:00:00][%mdl 4096] Endgame. KRR-KRR} 34. Re2 e5 (34... Re5 $15 35. Rde1 Rxe2 36. Rxe2 d4) 35. Rd3 h4 36. Kf2 d4 37. Ke1 {[%emt 0:00:00] The position is equal.} Rg5 38. f4 exf4 {[%emt 0:00:05] White must now prevent ...Rce5.} 39. Rxd4 Rgf5 40. Rd6+ Kg5 41. Ree6 Rfe5+ 42. Rxe5+ Rxe5+ {[%emt 0:00:00] KR-KR} 43. Kf2 b5 44. Rb6 bxa4 45. bxa4 Rc5 46. Rb5 Rxb5 47. axb5 {Threatening mate with b6.} a4 48. b6 {[%emt 0:00:00] White threatens b7 and mate.} a3 49. b7 a2 50. b8=Q (50. b8=B a1=Q (50... a1=B $2 {is the wrong capture.} 51. Kf3 $18) 51. Ke2 Qg1 52. Kd2 Qxg2+ 53. Kc3 Qxh3+ 54. Kd4 Qd7+ 55. Ke4 Qb7+ 56. Kd3 Qxb8 57. Kd4 h3 58. Kd5 h2 59. Kd4 h1=Q (59... h1=R {is a self mate.} 60. Kd3 Rd1+ 61. Kc4 Qc7+ 62. Kb3 Rb1+ 63. Ka2 Qxc2+ 64. Ka3 Qb3#) 60. Kc5 Qc7+ 61. Kb4 Qb1+ 62. Ka4 Qa7#) 50... a1=Q {Prevents Qe5+.   Weighted Error Value: White=0.17 (very precise) /Black=0.16 (very precise) .  Mistake:       	White=3     	Black=4      Inaccurate:     	White=1     	Black=3      OK:         	White=15    	Black=15     Best:        	---       	Black=4} 1/2-1/2